 Dungeon Crawl Stone Soup version 0.24-a0-139-geb6712d (webtiles) character file.

Game seed: 0

96825 Inarius the Stormcaller (level 16, -17/83 HPs)
             Began as a Kobold Air Elementalist on Mar 1, 2019.
             Was a High Priest of Vehumet.
             Demolished by Saint Roka
             ... wielding a +1 broad axe of venom
              (34 damage)
             ... on level 2 of the Orcish Mines.
             The game lasted 01:34:50 (34269 turns).

Inarius the Stormcaller (Kobold Air Elementalist)  Turns: 34269, Time: 01:34:52

Health: -17/83     AC: 19    Str:  5    XL:     16   Next: 67%
Magic:  4/31       EV: 14    Int: 21    God:    Vehumet [*****.]
Gold:   986        SH: 16    Dex: 32    Spells: 17/38 levels left

rFire    . . .     SeeInvis +   k - +7 short sword "Gotom" {flame, *Slow rPois MR+ Dex+6}
rCold    + . .     Gourm    .   B - +5 shield {AC+3}
rNeg     . . .     Faith    .   n - +2 ring mail {rC+}
rPois    +         Spirit   .   X - +0 mask of the Dragon {MR+ Slay+3 SInv}
rElec    .         Reflect  .   y - +2 cloak
rCorr    .         Harm     .   U - +2 pair of gloves {Dex+3}
MR       +++..                  a - +2 pair of boots
Stlth    +++.......             (no amulet)
HPRegen  0.23/turn              D - ring of wizardry
MPRegen  0.22/turn              Y - +5 ring of dexterity

@: lethally poisoned (-17 -> -67)
A: small, carnivore
a: Renounce Religion


You were on level 2 of the Orcish Mines.
You worshipped Vehumet.
Vehumet was extremely pleased with you.
You were full.

You visited 3 branches of the dungeon, and saw 19 of its levels.
You also visited: Ossuary and Bailey.

You collected 2213 gold pieces.
You spent 1227 gold pieces at shops.

Inventory:

Hand Weapons
 k - the +7 short sword "Gotom" (weapon) {flame, *Slow rPois MR+ Dex+6}
   (You took it off a meliai on level 5 of the Lair of Beasts)

   It has been specially enchanted to burn those struck by it, causing extra
   injury to most foes and up to half again as much damage against particularly
   susceptible opponents.
   It affects your dexterity (+6).
   It protects you from poison.
   It affects your resistance to hostile enchantments.
   It may slow you when you take damage.
 F - a +9 rapier of draining
Armour
 a - a +2 pair of boots (worn)
 n - a +2 ring mail of cold resistance (worn)
 y - a +2 cloak (worn)
 A - a +1 robe of positive energy
 B - a +5 shield of protection (worn)
 G - a +1 robe of fire resistance
 R - a +1 buckler of poison resistance
 U - a +2 pair of gloves of dexterity (worn)
 X - the +0 mask of the Dragon (worn) {MR+ Slay+3 SInv}
   (You bought it in a shop on level 4 of the Dungeon)

   It affects your accuracy and damage with ranged weapons and melee attacks
   (+3).
   It affects your resistance to hostile enchantments.
   It lets you see invisible.
Jewellery
 v - an uncursed ring of protection from fire
 D - a ring of wizardry (left hand)
 H - a +3 ring of strength
 M - an uncursed ring of ice
 T - an uncursed ring of positive energy
 Y - a +5 ring of dexterity (right hand)
Wands
 i - a wand of clouds (2)
 l - a wand of digging (6)
 r - a wand of random effects (21)
 P - a wand of acid (7)
 V - a wand of flame (44)
 Z - a wand of iceblast (6)
Scrolls
 d - 5 scrolls of enchant armour
 f - a scroll of teleportation
 g - 3 scrolls of enchant weapon
 j - 2 scrolls of holy word
 p - 7 scrolls of remove curse
 s - 3 scrolls of fog
 u - 2 scrolls of immolation
 w - 7 scrolls of amnesia
 N - 2 scrolls of vulnerability {unknown}
 Q - 5 scrolls of blinking
 S - a scroll of noise {unknown}
Potions
 b - 2 potions of resistance
 e - 2 potions of heal wounds
 h - a potion of lignification {unknown}
 m - 2 potions of brilliance
 q - 2 potions of magic
 t - 3 potions of haste
 x - 5 potions of curing
 z - 4 potions of mutation
 E - 2 potions of degeneration {unknown}
 I - 3 potions of cancellation
 J - a potion of ambrosia
 O - a potion of might {unknown}
 W - a potion of berserk rage {unknown}
Miscellaneous
 o - a box of beasts
 K - a lightning rod (4/4)
 L - a crystal ball of energy
Comestibles
 c - 44 rations


   Skills:
 + Level 3.5 Fighting
 + Level 3.1(5.1) Short Blades
   Level 3.9(4.1) Long Blades
 + Level 2.3 Armour
 + Level 6.5 Dodging
 + Level 5.1 Stealth
 + Level 6.2 Shields
 - Level 0.1 Unarmed Combat
 - Level 11.9 Spellcasting
 * Level 12.7 Conjurations
 * Level 16.1 Air Magic
 + Level 6.2 Evocations


You had 17 spell levels left.
You knew the following spells:

 Your Spells              Type           Power        Failure   Level  Hunger
a - Shock                 Conj/Air       ####         1%          1    None
b - Swiftness             Chrm/Air       #####...     2%          2    None
c - Static Discharge      Conj/Air       ######..     1%          3    None
d - Airstrike             Air            ######....   1%          4    None
e - Lightning Bolt        Conj/Air       ######....   1%          5    ####...
f - Conjure Ball Lightni  Conj/Air       ######....   4%          6    #####..

Your spell library contained the following spells:

 Spells                   Type           Power        Failure   Level  Hunger
 Bolt of Fire             Conj/Fire      #####.....   65%         6    #####..
 Flame Tongue             Conj/Fire      #####        1%          1    None
 Magic Dart               Conj           ####         1%          1    None
 Throw Flame              Conj/Fire      #####.       1%          2    None
 Mephitic Cloud           Conj/Pois/Air  ######..     1%          3    None
 Conjure Flame            Conj/Fire      #####...     2%          3    None
 Dazzling Spray           Conj/Hex       #####.       2%          3    None
 Sticky Flame             Conj/Fire      #####...     8%          4    None
 Fireball                 Conj/Fire      #####.....   19%         5    ####...
 Iskenderun's Battlesphe  Conj/Chrm      #####...     19%         5    ####...
 Venom Bolt               Conj/Pois      #####.....   19%         5    ####...
 Inner Flame              Hex/Fire       ##......     28%         3    None
 Animate Skeleton         Necr           N/A          34%         1    None
 Corona                   Hex            ##.....      34%         1    None
 Pain                     Necr           ##..         34%         1    None
 Summon Butterflies       Summ           ##......     34%         1    None
 Orb of Destruction       Conj           ######....   36%         7    #######
 Bolt of Magma            Conj/Fire/Erth ####......   41%         5    ####...
 Blink                    Tloc           N/A          47%         2    None
 Call Imp                 Summ           ##......     47%         2    None
 Ensorcelled Hibernation  Hex/Ice        ##....       47%         2    None
 Slow                     Hex            ##......     47%         2    None
 Iron Shot                Conj/Erth      #####.....   65%         6    #####..
 Call Canine Familiar     Summ           ##......     71%         3    None
 Confuse                  Hex            ##......     71%         3    None
 Regeneration             Chrm/Necr      ##........   71%         3    None
 Tukima's Dance           Hex            ##......     71%         3    None
 Vampiric Draining        Necr           ##........   71%         3    None
 Animate Dead             Necr           N/A          97%         4    None
 Summon Ice Beast         Ice/Summ       ##......     97%         4    None
 Spellforged Servitor     Conj/Summ      #####.....   98%         7    #######
 Summon Mana Viper        Hex/Summ       ##......     100%        5    ####...
 Summon Hydra             Summ           ##........   100%        7    #######


Dungeon Overview and Level Annotations

Branches:
Dungeon (11/15)            Temple (0/1) D:5            Lair (6/6) D:9
 Shoals (0/4) Lair:2       Spider (0/4) Lair:4        Slime (0/5) Lair:6
    Orc (2/2) D:9
    Elf: Orc:2

Altars:
Dithmenos
Fedhas
Kikubaaqudgha
Makhleb
Ru
Trog
Vehumet
Wu Jian
Xom
Yredelemnul
The Shining One
Beogh
Jiyva

Shops:
D:4 [   Orc:1 :

Annotations:
D:5 1 runed translucent door, Duvessa
D:9 Erolcha
Orc:2 Saint Roka


Innate Abilities, Weirdness & Mutations

You are small and have problems with some larger weapons.
You are carnivorous and can eat meat at any time.


Message History

The warg bites you!
* * * LOW HITPOINT WARNING * * *
The orc is engulfed in poison gas.
The orc looks even sicker.
You kill the orc!
Vehumet accepts your kill.
You feel your power returning.
The orc knight is engulfed in poison gas.
The orc knight looks as sick as possible!
The orc warrior is engulfed in poison gas.
The orc warrior looks even sicker.
Saint Roka roars a battlecry!
The orc warriors go into a battle-frenzy!
* * * LOW HITPOINT WARNING * * *
You feel very sick.
The orc knight no longer looks unusually strong.
The warg misses you. You block the orc knight's attack.
The orc warrior is engulfed in poison gas.
The orc warrior looks even sicker.
Saint Roka hits you with a +1 broad axe of venom!!
You die...

#.....#####....#.....
##......##.)....#
#.........)o..##
##....§§§§o#.##
##.#..§§§§###
###...☼§§#
###....§o##
#.......hoo#
#.........@.###
#......#.#....#
#.....####(..##
.....# #...(.# ##...
#..(#### ##.. ......
....... .......#
####.##


You could see Saint Roka, an orc knight, a warg, 2 orc warriors and an orc.

Vanquished Creatures
  2 orc warlords
  A stone giant (D:9)
  Josephine (Lair:5)
  Harold (D:7)
  Fannar (Lair:2)
  7 hydras
  4 catoblepae
  2 two-headed ogres
  8 death yaks (Lair:6)
  The ghost of Inarius the Zephyrmancer, a journeyman KoAE of Vehumet (D:11)
  Urug (Lair:2)
  A deep elf knight (Orc:2)
  The ghost of arkorax the Fighter, a novice DsWn of Hepliaklqana (D:7)
  An orange crystal statue (Lair:2)
  An ugly thing (D:11)
  An orc sorcerer (Orc:2)
  3 deep elf magi (Orc:2)
  3 cyclopes
  A centaur zombie (D:11)
  4 manticores
  9 black mambas
  An elephant (Lair:5)
  A torpor snail (Lair:5)
  An ice statue (D:11)
  16 spiny frogs
  7 komodo dragons
  A rime drake (Lair:6)
  A queen bee (Lair:5)
  3 trolls
  3 meliai (Lair:5)
  Prince Ribbit (D:5)
  2 hornets
  28 blink frogs
  A snapping turtle (Lair:2)
  6 dream sheep
  11 hippogriffs
  3 redbacks (Lair:4)
  A spriggan (D:7)
  3 wyverns
  25 yaks
  5 wraiths
  A hungry ghost (D:11)
  5 basilisks
  A steam dragon (Lair:4)
  5 wargs
  2 soldier ants (D:5)
  An acid dragon (D:11)
  12 water moccasins
  8 porcupines
  An eye of draining (D:11)
  3 ice beasts
  A phantom (D:10)
  26 orc warriors
  A black bear (Lair:3)
  12 ogres
  The ghost of Orphidia the Charlatan, an amateur DsAr (D:4)
  4 centaurs
  14 crocodiles
  7 wolves
  12 bullfrogs
  Blork the orc (D:6)
  2 gnoll sergeants
  6 scorpions
  Dowan (D:5)
  A water moccasin skeleton (D:10)
  47 killer bees
  4 howler monkeys
  9 electric eels
  4 crimson imps
  A bullfrog zombie (D:11)
  2 jellies
  3 lava snakes (Lair:2)
  A centaur skeleton (D:4)
  14 orc priests
  11 hounds
  Crazy Yiuf (D:6)
  2 bullfrog skeletons
  An iguana (D:11)
  17 orc wizards
  2 hell rats (Lair:5)
  11 worker ants
  A killer bee zombie (D:10)
  4 big kobold zombies (Ossuary)
  A hound zombie (D:11)
  A hound skeleton (D:6)
  2 mummies (Ossuary)
  2 worker ant zombies (D:11)
  A howler monkey skeleton (D:7)
  12 gnolls
  11 adders
  A shadow imp (D:7)
  An ooze (D:6)
  3 adder zombies
  An adder skeleton (D:7)
  2 dart slugs
  5 leopard geckos
  78 orcs
  14 bats
  10 giant cockroaches
  4 gnoll zombies (Ossuary)
  12 goblins
  12 hobgoblins
  5 jackals
  19 kobolds
  7 quokkas
  2 ball pythons
  A ball python zombie (D:5)
  A frilled lizard (D:3)
  5 hobgoblin zombies (Ossuary)
  5 kobold zombies (Ossuary)
  10 orc zombies (Ossuary)
  A quokka zombie (D:5)
  3 rats
  2 fungi
  A plant (Lair:6)
672 creatures vanquished.

Vanquished Creatures (others)
  25 fungi
  21 plants
46 creatures vanquished.

Grand Total: 718 creatures vanquished

Notes
Turn   | Place    | Note
-------+----------+-------------------------------------------
     0 | D:1      | Inarius the Kobold Air Elementalist began the quest for the
                  | Orb.
     0 | D:1      | Reached XP level 1. HP: 10/10 MP: 3/3
   428 | D:1      | Reached XP level 2. HP: 15/15 MP: 3/5
  1123 | D:1      | Reached XP level 3. HP: 19/19 MP: 2/6
  1380 | D:2      | Learned a level 2 spell: Swiftness
  1892 | D:2      | Reached XP level 4. HP: 23/24 MP: 4/7
  2586 | D:3      | Found a shadowy altar of Dithmenos.
  2890 | D:3      | Reached XP level 5. HP: 28/28 MP: 3/9
  3012 | D:3      | Learned a level 3 spell: Static Discharge
  3186 | D:3      | Reached skill level 1 in Shields
  4036 | D:4      | Reached skill level 4 in Air Magic
  4036 | D:4      | Reached XP level 6. HP: 13/32 MP: 0/10
  4456 | D:4      | Found a runed translucent gate.
  4457 | D:4      | Found a runed translucent gate.
  4457 | D:4      | Found a runed translucent gate.
  4457 | D:4      | Noticed Orphidia's ghost (amateur DsAr)
  4476 | D:4      | Noticed an ogre
  4485 | D:4      | Killed an ogre
  4498 | D:4      | Noticed an ogre
  4615 | D:4      | Reached XP level 7. HP: 23/36 MP: 4/12
  5082 | D:4      | Found Reaxt's Antique Armour Shop.
  5391 | D:4      | Got a scorched falchion
  5392 | D:4      | Identified the +10 falchion "Wydistry" {slice, Fragile MR++
                  | Dex+3} (You found it on level 4 of the Dungeon)
  5499 | D:5      | Entered Level 5 of the Dungeon
  5507 | D:5      | Learned a level 4 spell: Airstrike
  5509 | D:5      | Found a blossoming altar of Fedhas.
  5509 | D:5      | Found an ancient bone altar of Kikubaaqudgha.
  5767 | D:5      | Found a bloodstained altar of Trog.
  5769 | D:5      | Found a sacrificial altar of Ru.
  5773 | D:5      | Found a radiant altar of Vehumet.
  5773 | D:5      | Found an ornate altar of the Wu Jian Council.
  5775 | D:5      | Found a glowing golden altar of the Shining One.
  5776 | D:5      | Found a basalt altar of Yredelemnul.
  5778 | D:5      | Found a shimmering altar of Xom.
  5781 | D:5      | Became a worshipper of Vehumet
  5830 | D:5      | Noticed Prince Ribbit
  5851 | D:5      | Killed Prince Ribbit
  5851 | D:5      | Reached skill level 5 in Air Magic
  5851 | D:5      | Reached XP level 8. HP: 21/42 MP: 1/14
  6008 | D:5      | Found a runed translucent door.
  6009 | D:5      | Found a runed translucent door.
  6094 | D:5      | Found a staircase to the Ecumenical Temple.
  6099 | D:5      | Noticed Duvessa
  6118 | D:5      | Noticed Dowan
  6248 | D:5      | Reached skill level 5 in Conjurations
  6346 | D:5      | Learned a level 5 spell: Lightning Bolt
  6735 | D:5      | Killed Dowan
  6946 | D:6      | Noticed Blork the orc
  6956 | D:6      | Killed Blork the orc
  7106 | D:6      | Reached skill level 6 in Air Magic
  7205 | D:6      | Reached XP level 9. HP: 45/46 MP: 12/16
  7281 | D:6      | Found a runed translucent door.
  7282 | D:6      | Noticed Crazy Yiuf
  7287 | D:6      | Killed Crazy Yiuf
  7654 | D:6      | Reached skill level 5 in Spellcasting
  7768 | D:6      | Reached * piety under Vehumet
  7768 | D:6      | Offered knowledge of Sting by Vehumet.
  8075 | D:4      | Bought a pair of embroidered boots for 225 gold pieces
  8339 | D:7      | Found a transporter.
  8342 | D:7      | Reached skill level 1 in Fighting
  8441 | D:7      | Noticed arkorax's ghost (novice DsWn)
  8443 | D:7      | Found a transporter.
  8809 | D:7      | Reached skill level 7 in Air Magic
  9732 | D:7      | Noticed a hornet
  9738 | D:7      | Killed a hornet
  9738 | D:7      | Reached XP level 10. HP: 52/52 MP: 5/17
 10014 | D:7      | Noticed Harold
 10050 | D:7      | Killed Harold
 10050 | D:7      | Reached skill level 8 in Air Magic
 10416 | D:8      | Found a sand-covered staircase.
 10422 | Ossuary  | Entered an ossuary
 10593 | Ossuary  | Reached ** piety under Vehumet
 10593 | Ossuary  | Offered knowledge of Magic Dart by Vehumet.
 10785 | Ossuary  | Identified a scroll of acquirement
 10816 | D:8      | Reached skill level 9 in Air Magic
 11577 | D:8      | Offered knowledge of Mephitic Cloud by Vehumet.
 12177 | D:9      | Found a staircase to the Orcish Mines.
 12212 | D:9      | Reached *** piety under Vehumet
 12423 | D:8      | Reached XP level 11. HP: 33/57 MP: 15/19
 12855 | D:9      | Reached skill level 10 in Air Magic
 13166 | D:9      | Offered knowledge of Conjure Flame by Vehumet.
 13387 | D:9      | Noticed Erolcha
 13602 | D:9      | Found a staircase to the Lair.
 13636 | D:9      | Reached skill level 1 in Evocations
 13831 | D:9      | Found a roughly hewn altar of Beogh.
 14695 | D:10     | Entered Level 10 of the Dungeon
 14952 | D:10     | You fall through a shaft!
 14952 | D:11     | Noticed a cyclops
 14959 | D:11     | Noticed a cyan ugly thing
 14965 | D:11     | Reached skill level 1 in Long Blades
 14967 | D:11     | Reached **** piety under Vehumet
 15271 | D:11     | Offered knowledge of Force Lance by Vehumet.
 15291 | D:11     | Found a flagged portal.
 15304 | Bailey   | Entered a bailey
 15340 | Bailey   | Noticed an orc warlord
 15515 | Bailey   | Found a runed translucent gate.
 15517 | Bailey   | Found a runed translucent gate.
 15523 | Bailey   | Found a runed translucent gate.
 15698 | Bailey   | Killed an orc warlord
 15698 | Bailey   | Reached skill level 5 in Dodging
 15698 | Bailey   | Reached skill level 5 in Shields
 15698 | Bailey   | Reached skill level 10 in Conjurations
 15751 | Bailey   | Got a pair of polished gloves
 15759 | Bailey   | Identified the +0 pair of gloves of Juziask {Dex+4} (You
                  | found it in a bailey)
 15764 | Bailey   | Got a pitted buckler
 15775 | Bailey   | Identified the +3 buckler of Hyrr {Str+2} (You acquired it
                  | in a bailey)
 15886 | D:11     | Killed a cyclops
 15931 | D:11     | Reached ***** piety under Vehumet
 15980 | D:11     | Reached XP level 12. HP: 63/63 MP: 12/22
 16032 | D:11     | Offered knowledge of Lee's Rapid Deconstruction by Vehumet.
 16036 | D:11     | Noticed a two-headed ogre
 16048 | D:11     | Killed a two-headed ogre
 16316 | D:11     | Found a runed translucent gate.
 16316 | D:11     | Found a runed translucent gate.
 16316 | D:11     | Found a runed translucent gate.
 16317 | D:11     | Found a roughly hewn altar of Beogh.
 16318 | D:11     | Noticed Inarius's ghost (journeyman KoAE)
 16320 | D:11     | Identified the cursed +0 halberd of Rerutwoa {freeze, *Slow
                  | rC+ rN+ Int+4}
 16320 | D:11     | Identified the +0 chain mail "Atyaskuth" {+Fly rC+ MR+++}
 16334 | D:11     | Reached skill level 11 in Air Magic
 16334 | D:11     | Killed Inarius's ghost
 17602 | D:10     | Noticed a two-headed ogre
 17610 | D:10     | Killed a two-headed ogre
 18115 | D:10     | Reached skill level 5 in Evocations
 18393 | D:7      | Killed arkorax's ghost
 18638 | D:4      | Killed Orphidia's ghost
 18777 | Lair:1   | Entered Level 1 of the Lair of Beasts
 18968 | Lair:1   | Noticed a six-headed hydra
 18974 | Lair:1   | Killed a six-headed hydra
 19163 | Lair:1   | Reached XP level 13. HP: 68/68 MP: 8/25
 19250 | Lair:1   | Noticed a four-headed hydra
 19344 | Lair:1   | Killed a four-headed hydra
 19344 | Lair:1   | Reached skill level 12 in Air Magic
 20185 | Lair:2   | Noticed Fannar
 20436 | Lair:1   | Offered knowledge of Conjure Ball Lightning by Vehumet.
 20444 | Lair:1   | Learned a level 6 spell: Conjure Ball Lightning
 20606 | Lair:2   | Killed Fannar
 21804 | Lair:2   | Found a staircase to the Shoals.
 21987 | Lair:2   | Noticed Urug
 21996 | Lair:2   | Killed Urug
 22628 | Lair:3   | Reached skill level 13 in Air Magic
 23071 | Lair:3   | You fall through a shaft for 2 floors!
 23118 | Lair:5   | Noticed Josephine
 23121 | Lair:4   | Noticed a seven-headed hydra
 23125 | Lair:4   | Killed a seven-headed hydra
 23149 | Lair:4   | Noticed a catoblepas
 23154 | Lair:4   | Noticed a four-headed hydra
 23159 | Lair:4   | Killed a four-headed hydra
 23165 | Lair:4   | Noticed a seven-headed hydra
 23433 | Lair:4   | Killed a catoblepas
 23984 | Lair:3   | Reached XP level 14. HP: 48/74 MP: 22/27
 24862 | Lair:4   | Found a hole to the Spider Nest.
 26572 | D:4      | Bought the +0 mask of the Dragon {MR+ Slay+3 SInv} for 1002
                  | gold pieces
 26572 | D:4      | Found the +0 mask of the Dragon {MR+ Slay+3 SInv}
 27242 | Lair:5   | Reached skill level 10 in Spellcasting
 27278 | Lair:5   | Reached skill level 5 in Stealth
 27278 | Lair:5   | Reached skill level 14 in Air Magic
 27515 | Lair:6   | Entered Level 6 of the Lair of Beasts
 27545 | Lair:5   | Offered knowledge of Bolt of Draining by Vehumet.
 27656 | Lair:5   | Killed Josephine
 28250 | Lair:5   | Reached skill level 1 in Armour
 29000 | Lair:5   | Identified the +7 short sword "Gotom" {flame, *Slow rPois
                  | MR+ Dex+6}
 30020 | Lair:6   | Reached skill level 1 in Short Blades
 30160 | Lair:6   | Found a staircase to the Slime Pits.
 30162 | Lair:6   | Found a viscous altar of Jiyva.
 30421 | Lair:6   | Reached skill level 15 in Air Magic
 30460 | Lair:6   | Reached XP level 15. HP: 39/78 MP: 6/29
 31495 | Lair:6   | Offered knowledge of Bolt of Fire by Vehumet.
 32153 | Lair:6   | Reached XP level 16. HP: 83/83 MP: 29/31
 32481 | Orc:1    | Entered Level 1 of the Orcish Mines
 32943 | Orc:1    | Found a burning altar of Makhleb.
 33038 | Orc:1    | Found Luoqoal's Book Shoppe.
 33169 | Orc:2    | Entered Level 2 of the Orcish Mines
 33192 | Orc:2    | Identified the cursed +0 chain mail of Vampiric Thralls
                  | {rElec rPois Dex+3}
 33646 | Orc:2    | Reached skill level 16 in Air Magic
 34252 | Orc:2    | Noticed Saint Roka
 34269 | Orc:2    | Demolished by Saint Roka

Levels and vault maps discovered:
D:1:      dpeg_arrival_tiny_c, layout_basic
D:2:      layout_rooms
D:3:      layout_basic, first_ration, nicolae_dithmenos_shadow_blocks
D:4:      layout_loops_corners, serial_shops, nicolae_shop_waterfront,
          ebering_ghost_rock_garden, minmay_misc_feat_roman
D:5:      lemuel_insect_pit, layout_cave_pools,
          grunt_temple_overflow_growth_and_decay, minitemple,
          minmay_temple_entry_large_hall, uniq_prince_ribbit1, uniq_duvessa
D:6:      layout_basic, kennysheep_path_1, serial_bayou_pond_d,
          minmay_misc_feat_tiny, uniq_crazy_yiuf_cottage, uniq_blork_the_orc
D:7:      layout_basic, gammafunk_ghost_arena, the_bakery, uniq_harold
D:8:      layout_cave_pools, serial_column_ruins, column_ruins_hut_ruined,
          column_ruins_circle_small, column_ruins_corridor_straight,
          column_ruins_open_small, column_ruins_grid_1,
          column_ruins_columns_dead_end, enter_ossuary_2
D:9:      layout_irregular_city, erik_lair_island,
          minmay_orc_entry_temple_large, uniq_erolcha
D:10:     layout_loops_ring, serial_bayou_lake_a
D:11:     lemuel_ice_spiral_2, layout_irregular_city,
          biasface_ghost_orc_armoury, enter_bailey_3, minivault_16,
          dk_vineyard_3, kennysheep_generic_room_11
Lair:1:   layout_misc_corridors
Lair:2:   layout_loops_ring, minmay_shoals_entry_hut, disabler_island,
          serial_bayou_shore_b, serial_bayou_shore_b, grunt_megastairs_2,
          lemuel_fruit_tree, lemuel_fruit_fields, uniq_fannar, uniq_urug
Lair:3:   layout_loops_ring, roderic_batcave, serial_bayou_shore_b
Lair:4:   layout_loops_ring, spider_nest_entry_webs,
          eino_small_chamber_without_monster, serial_bayou_pond_b,
          beast_lair_carwin_9
Lair:5:   regret_index_combs_of_tragedy, layout_gridlike, uniq_josephine
Lair:6:   evilmike_catoblepas_cave, layout_cave_pods, slime_altar_1
Orc:1:    layout_diamond_mine, basic_altar, serial_shops, nicolae_shop_trees
Orc:2:    st_orc_town, layout_diamond_mine, elf_legates, uniq_saint_roka
Ossuary:  ossuary_tomb_2
Bailey:   bailey_axe_bossmonster_kennysheep, bailey

Skill      XL: |  1  2  3  4  5  6  7  8  9 10 11 12 13 14 15 16 |
---------------+-------------------------------------------------+-----
Conjurations   | 2 3 4 5 7 8 10 11 12 | 12.7
Dodging        | 3 4 5 6 |  6.5
Shields        | 1 2 3 4 5 6 |  6.2
Spellcasting   | 3 4 5 6 8 9 10 11 | 11.9
Air Magic      | 4 5 6 7 9 10 11 13 15 16 | 16.1
Stealth        | 3 4 5 |  5.1
Fighting       | 1 2 3 |  3.5
Evocations     | 3 5 6 |  6.2
Long Blades    | 2 3 |  3.9
Armour         | 1 2 |  2.3
Short Blades   | 1 2 3 |  3.1
Unarmed Combat | |  0.1

Action                   |  1- 3 |  4- 6 |  7- 9 | 10-12 | 13-15 | 16-18 || total
-------------------------+-------+-------+-------+-------+-------+-------++-------
Melee: Unarmed           |    15 |       |       |       |       |       ||    15
       Whip              |     5 |       |       |       |       |       ||     5
       Dagger            |    32 |    15 |       |       |       |       ||    47
       Falchion          |       |       |    36 |   146 |   157 |       ||   339
       Short sword       |       |       |       |       |    98 |    24 ||   122
 Cast: Shock             |    56 |   108 |   246 |   451 |   119 |    31 ||  1011
       Airstrike         |       |       |     9 |    91 |   204 |    10 ||   314
       Static Discharge  |       |       |       |     4 |       |       ||     4
       Lightning Bolt    |       |       |       |    24 |   127 |    68 ||   219
Evoke: Wand              |       |       |       |    16 |    23 |     9 ||    48
  Use: Scroll            |     5 |     4 |     7 |    16 |    22 |       ||    54
       Potion            |     2 |       |       |     1 |     4 |     2 ||     9
 Stab: Sleeping          |     1 |       |     2 |     3 |     1 |       ||     7
       Distracted        |       |       |       |     2 |     1 |       ||     3
  Eat: Chunk             |    12 |     8 |    17 |    47 |    75 |    17 ||   176
Armor: Robe              |    13 |     4 |     6 |    75 |    25 |       ||   123
       Ring mail         |       |       |       |       |    56 |    14 ||    70
Dodge: Dodged            |    54 |    37 |    59 |   201 |   142 |    22 ||   515
Block: Buckler           |       |       |    23 |    17 |       |       ||    40
       Shield            |       |       |       |   214 |   312 |    58 ||   584
       Rpst.: Falchion   |       |       |    18 |    60 |    35 |       ||   113

Table legend:
 A = Non-vault XP
 B = Vault XP
 C = Vault XP percentage of total XP
 D = Non-vault monster count
 E = Vault monster count
 F = Vault count percentage of total count
                 A         B        C        D         E       F
            +---------+---------+-------+---------+---------+-------
      Total |   54170 |   44996 |  45.4 |     416 |     253 |  37.8
            +---------+---------+-------+---------+---------+-------
        D:1 |      34 |       0 |   0.0 |      17 |       0 |   0.0
        D:2 |      42 |       0 |   0.0 |       9 |       0 |   0.0
        D:3 |     121 |       0 |   0.0 |      33 |       0 |   0.0
        D:4 |     548 |     118 |  17.7 |      16 |       1 |   5.9
        D:5 |     543 |     899 |  62.3 |      21 |      14 |  40.0
        D:6 |     872 |     132 |  13.1 |      23 |       2 |   8.0
        D:7 |    1676 |    1976 |  54.1 |      33 |       4 |  10.8
        D:8 |    1503 |     399 |  21.0 |      22 |       4 |  15.4
        D:9 |    4069 |    1289 |  24.1 |      33 |      21 |  38.9
       D:10 |    3472 |       0 |   0.0 |      31 |       0 |   0.0
       D:11 |    4345 |    1969 |  31.2 |      36 |      16 |  30.8
     Lair:1 |    6920 |     153 |   2.2 |      23 |       1 |   4.2
     Lair:2 |     981 |    2825 |  74.2 |       7 |       7 |  50.0
     Lair:3 |    6467 |       8 |   0.1 |      25 |       6 |  19.4
     Lair:4 |    7434 |    3204 |  30.1 |      18 |      12 |  40.0
     Lair:5 |    1033 |    9701 |  90.4 |       5 |      57 |  91.9
     Lair:6 |   11439 |   13171 |  53.5 |      35 |      24 |  40.7
      Orc:1 |    1605 |     553 |  25.6 |      18 |       4 |  18.2
      Orc:2 |    1066 |    6359 |  85.6 |      11 |      22 |  66.7
    Ossuary |       0 |     178 | 100.0 |       0 |      32 | 100.0
     Bailey |       0 |    2062 | 100.0 |       0 |      26 | 100.0
            +---------+---------+-------+---------+---------+-------
